 Dungeon Crawl Stone Soup version 0.30-a0-159-g068b764562 (webtiles) character file.

Game seed: 7170486218093997801

62 Iusername the Covered (level 3, -1/33 HPs)
             Began as a Minotaur Fighter on Sept 27, 2022.
             Slain by a hobgoblin (3 damage)
             ... led by Robin
             ... on level 2 of the Dungeon.
             The game lasted 00:01:30 (1296 turns).

Iusername the Covered (Minotaur Fighter)            Turns: 1296, Time: 00:01:31

Health: -1/33      AC:  7    Str: 22    XL:     3   Next: 85%
Magic:  2/2        EV:  9    Int:  5    God:
Gold:   76         SH:  4    Dex:  9    Spells: 2/2 levels left

rFire   . . .      SeeInvis .    a - +0 long sword
rCold   . . .      Faith    .    c - +0 buckler
rNeg    . . .      Spirit   .    b - +0 scale mail
rPois   .          Reflect  .    (helmet restricted)
rElec   .          Harm     .    (no cloak)
rCorr   .          Rampage  .    (no gloves)
Will    .....                    (no boots)
Stlth   ..........               (no amulet)
HPRegen 0.11/turn                (no ring)
MPRegen 0.08/turn                (no ring)

@: brilliant
A: horns 2, retaliatory headbutt
a: no special abilities


You were on level 2 of the Dungeon.
You visited 1 branch of the dungeon, and saw 2 of its levels.

You collected 76 gold pieces.

Inventory:

Hand Weapons
 a - a +0 long sword (weapon)
Armour
 b - a +0 scale mail (worn)
 c - a +0 buckler (worn)
Jewellery
 e - a ring of protection from fire
 l - a ring of see invisible
 o - an amulet of the acrobat
Scrolls
 h - 6 scrolls of identify {unknown}
 i - 2 scrolls of magic mapping {unknown}
 m - a scroll of fog {unknown}
 q - a scroll of vulnerability {unknown}
Potions
 d - a potion of might
 f - 2 potions of brilliance
 g - 2 potions of mutation {unknown}
 j - 2 potions of curing
 k - a potion of degeneration {unknown}
 n - a potion of ambrosia {unknown}
 p - a potion of lignification {unknown}


   Skills:
 + Level 4.2 Fighting
 + Level 3.1 Long Blades
 + Level 4.5 Armour
 + Level 0.1 Dodging
 + Level 4.1 Shields


You had 2 spell levels left.
You didn't know any spells.
Your spell library was empty.

Dungeon Overview and Level Annotations

Branches:
Dungeon (2/15)

Altars:

Shops:
D:2 [

Annotations:
D:2 Robin


Innate Abilities, Weirdness & Mutations

You have a pair of horns on your head.
You reflexively headbutt those who attack you in melee.


Message History

Robin roars a battlecry!
The goblins go into a battle-frenzy!
The goblin attacks as you move away! The goblin hits you with a +0 club.
The goblin unwields a +0 club.
The goblin wields a +0 sling.
The goblin shoots a sling bullet.
You block the sling bullet.
There is an entrance to Vucsurr's Armour Shoppe here.
The worm bites you but does no damage.
The goblin unwields a +0 sling.
The goblin wields a +0 club.
The goblin misses you.
There is an open door here.
Items here: )))) ? ††††.
You hit the worm. You headbutt the worm!
The worm is severely wounded.
The goblin hits you but does no damage. The worm barely misses you.
You furiously retaliate!
You headbutt the worm!
You kill the worm!
The hobgoblin hits you. Robin throws the goblin at you!
The goblin hits you with a +0 club.
* * * LOW HITPOINT WARNING * * *
The goblin hits you but does no damage.
You hit the goblin.
The goblin is severely wounded.
The goblin closely misses you. The hobgoblin closely misses you.
Robin hits you from afar with a +0 trident.
* * * LOW HITPOINT WARNING * * *
The goblin hits you but does no damage.
It was a potion of curing.
You feel better.
Robin says, "Bow before me, strongest of all the hobgoblins!"
Robin misses you. The hobgoblin hits you.
The goblin hits you but does no damage. The goblin closely misses you.
You hit the goblin.
You kill the goblin!
You block Robin's attack. The hobgoblin closely misses you. The worm bites you.
* * * LOW HITPOINT WARNING * * *
Robin hits you but does no damage. The hobgoblin hits you.
* * * LOW HITPOINT WARNING * * *
It was a potion of brilliance.
You feel clever all of a sudden. You block the goblin's attack.
The worm completely misses you. The hobgoblin hits you.
You die...

##########....##...#.###........#
#######.........# #########.
######.............#.# #..
..........>....###.#.# #.#
#....#.........# ..#.# #.#
#.##......(....#+#.#.# ..#
#.###..........+∩+.#.. #.##
..###..........#g#.. .. .
.###>..........g@#.# ... . .#
#.#....##†..#gw...... ... .#
#...#####...##g......
.###..######.#).#.......
................g.......
.....#######.#..#....... .....##
#.#.......... )....(###
#.#.......... ..........
#...........


You could see a worm, Robin, a hobgoblin (strong) and 2 goblins.

Vanquished Creatures
  Jessica (D:2)
  2 worms (D:2)
  2 endoplasms (D:2)
  8 goblins (D:2)
  5 hobgoblins
  5 ball pythons
  A frilled lizard (D:1)
  2 kobolds
  3 rats
29 creatures vanquished.

Vanquished Creatures (others)
  A fungus (D:2)
1 creature vanquished.

Grand Total: 30 creatures vanquished

Notes
Turn   | Place    | Note
-------+----------+-------------------------------------------
     0 | D:1      | Iusername the Minotaur Fighter began the quest for the Orb.
     0 | D:1      | Reached XP level 1. HP: 19/19 MP: 0/0
    92 | D:1      | Found a faded altar of an unknown god.
   822 | D:2      | Reached XP level 2. HP: 27/27 MP: 1/1
  1031 | D:2      | Noticed Jessica
  1037 | D:2      | Killed Jessica
  1038 | D:2      | Reached XP level 3. HP: 11/33 MP: 2/2
  1270 | D:2      | Noticed Robin
  1278 | D:2      | Found Vucsurr's Armour Shoppe.
  1295 | D:2      | HP: 1/33 [hobgoblin[Robin] (5)]
  1296 | D:2      | Slain by a hobgoblin

Illustrated notes

Levels and vault maps discovered:
D:1:      minmay_arrival_shoal_huts, layout_basic,
          chequers_ecumenical_altar_island
D:2:      layout_rooms, serial_shops, nicolae_shop_behind_doors,
          hangedman_decor_growths, minivault_23, uniq_jessica, uniq_robin,
          uniq_crazy_yiuf_cottage

Skill      XL: |  1  2 |
---------------+-------+-----
Armour         | 4 |  4.5
Fighting       | 4 |  4.2
Long Blades    | 3 |  3.1
Shields        | 4 |  4.1
Dodging        | |  0.1

Action                   || total
-------------------------++-------
Melee: Long sword        ||    59
       Headbutt          ||    12
  Use: Potion            ||     2
Armor: Scale mail        ||    30
Dodge: Dodged            ||    32
Block: Buckler           ||    12

Table legend: (Time is in decaauts)
 A = Elapsed time spent in this place.
 B = Non-inter-level travel time spent in this place.
 C = Inter-level travel time spent in this place.
 D = Time resting spent in this place.
 E = Time spent auto-exploring this place.
 F = Levels seen in this place.
 G = Mean time per level.
                   A        B        C        D        E       F      G
               +--------+--------+--------+--------+--------+-----+--------+
         Total |   1323 |   1266 |     57 |    144 |    915 |   2 |  661.5 |
       Dungeon |   1323 |   1266 |     57 |    144 |    915 |   2 |  661.5 |
               +--------+--------+--------+--------+--------+-----+--------+

Top non-repeatable levels by time:
     D:1: 769 daAuts
     D:2: 553 daAuts
